%YAML 1.1
%TAG !u! tag:unity3d.com,2011:
--- !u!65 &8667536731143570931
BoxCollider:
  m_ObjectHideFlags: 0
  m_CorrespondingSourceObject: {fileID: 0}
  m_PrefabInstance: {fileID: 0}
  m_PrefabAsset: {fileID: 0}
  m_GameObject: {fileID: 822095680747236457}
  m_Material: {fileID: 0}
  m_IsTrigger: 0
  m_Enabled: 1
  serializedVersion: 2
  m_Size: {x: 0.69, y: 1.79, z: 1}
  m_Center: {x: 0, y: 0.91, z: 0}
--- !u!114 &8667536731143570929
MonoBehaviour:
  m_ObjectHideFlags: 0
  m_CorrespondingSourceObject: {fileID: 0}
  m_PrefabInstance: {fileID: 0}
  m_PrefabAsset: {fileID: 0}
  m_GameObject: {fileID: 822095680747236457}
  m_Enabled: 1
  m_EditorHideFlags: 0
  m_Script: {fileID: 11500000, guid: 1ed929c61f1b57944bec9515177f0fbe, type: 3}
  m_Name: 
  m_EditorClassIdentifier: 
  index: 2
--- !u!1 &8667536731302350881
GameObject:
  m_ObjectHideFlags: 0
  m_CorrespondingSourceObject: {fileID: 0}
  m_PrefabInstance: {fileID: 0}
  m_PrefabAsset: {fileID: 0}
  serializedVersion: 6
  m_Component:
  - component: {fileID: 8667536731302350910}
  - component: {fileID: 8667536731302350911}
  m_Layer: 0
  m_Name: UICam
  m_TagString: Untagged
  m_Icon: {fileID: 0}
  m_NavMeshLayer: 0
  m_StaticEditorFlags: 0
  m_IsActive: 1
--- !u!4 &8667536731302350910
Transform:
  m_ObjectHideFlags: 0
  m_CorrespondingSourceObject: {fileID: 0}
  m_PrefabInstance: {fileID: 0}
  m_PrefabAsset: {fileID: 0}
  m_GameObject: {fileID: 8667536731302350881}
  m_LocalRotation: {x: 0, y: 0, z: 0, w: 1}
  m_LocalPosition: {x: 44.52, y: 0, z: 0}
  m_LocalScale: {x: 1, y: 1, z: 1}
  m_Children:
  - {fileID: 4410135034011623034}
  - {fileID: 4410135033858126878}
  - {fileID: 4410135035019563151}
  m_Father: {fileID: 0}
  m_RootOrder: 0
  m_LocalEulerAnglesHint: {x: 0, y: 0, z: 0}
--- !u!20 &8667536731302350911
Camera:
  m_ObjectHideFlags: 0
  m_CorrespondingSourceObject: {fileID: 0}
  m_PrefabInstance: {fileID: 0}
  m_PrefabAsset: {fileID: 0}
  m_GameObject: {fileID: 8667536731302350881}
  m_Enabled: 1
  serializedVersion: 2
  m_ClearFlags: 2
  m_BackGroundColor: {r: 0.19215687, g: 0.3019608, b: 0.4745098, a: 0}
  m_projectionMatrixMode: 1
  m_GateFitMode: 2
  m_FOVAxisMode: 0
  m_SensorSize: {x: 36, y: 24}
  m_LensShift: {x: 0, y: 0}
  m_FocalLength: 50
  m_NormalizedViewPortRect:
    serializedVersion: 2
    x: 0
    y: 0
    width: 1
    height: 1
  near clip plane: 0.3
  far clip plane: 1000
  field of view: 60
  orthographic: 0
  orthographic size: 5
  m_Depth: 0
  m_CullingMask:
    serializedVersion: 2
    m_Bits: 4294967295
  m_RenderingPath: -1
  m_TargetTexture: {fileID: 8400000, guid: d756b80c1d09d184a97f483509aab15c, type: 2}
  m_TargetDisplay: 0
  m_TargetEye: 3
  m_HDR: 1
  m_AllowMSAA: 1
  m_AllowDynamicResolution: 0
  m_ForceIntoRT: 0
  m_OcclusionCulling: 1
  m_StereoConvergence: 10
  m_StereoSeparation: 0.022
--- !u!65 &8667536731464386363
BoxCollider:
  m_ObjectHideFlags: 0
  m_CorrespondingSourceObject: {fileID: 0}
  m_PrefabInstance: {fileID: 0}
  m_PrefabAsset: {fileID: 0}
  m_GameObject: {fileID: 822095679203467932}
  m_Material: {fileID: 0}
  m_IsTrigger: 0
  m_Enabled: 1
  serializedVersion: 2
  m_Size: {x: 0.73, y: 1.79, z: 1}
  m_Center: {x: 0, y: 0.91, z: 0}
--- !u!114 &8667536731464386362
MonoBehaviour:
  m_ObjectHideFlags: 0
  m_CorrespondingSourceObject: {fileID: 0}
  m_PrefabInstance: {fileID: 0}
  m_PrefabAsset: {fileID: 0}
  m_GameObject: {fileID: 822095679203467932}
  m_Enabled: 1
  m_EditorHideFlags: 0
  m_Script: {fileID: 11500000, guid: 1ed929c61f1b57944bec9515177f0fbe, type: 3}
  m_Name: 
  m_EditorClassIdentifier: 
  index: 0
--- !u!65 &8667536733052420213
BoxCollider:
  m_ObjectHideFlags: 0
  m_CorrespondingSourceObject: {fileID: 0}
  m_PrefabInstance: {fileID: 0}
  m_PrefabAsset: {fileID: 0}
  m_GameObject: {fileID: 822095680356517389}
  m_Material: {fileID: 0}
  m_IsTrigger: 0
  m_Enabled: 1
  serializedVersion: 2
  m_Size: {x: 0.58, y: 1.79, z: 1}
  m_Center: {x: 0, y: 0.91, z: 0}
--- !u!114 &8667536733052420212
MonoBehaviour:
  m_ObjectHideFlags: 0
  m_CorrespondingSourceObject: {fileID: 0}
  m_PrefabInstance: {fileID: 0}
  m_PrefabAsset: {fileID: 0}
  m_GameObject: {fileID: 822095680356517389}
  m_Enabled: 1
  m_EditorHideFlags: 0
  m_Script: {fileID: 11500000, guid: 1ed929c61f1b57944bec9515177f0fbe, type: 3}
  m_Name: 
  m_EditorClassIdentifier: 
  index: 1
--- !u!1001 &8667536731270536964
PrefabInstance:
  m_ObjectHideFlags: 0
  serializedVersion: 2
  m_Modification:
    m_TransformParent: {fileID: 8667536731302350910}
    m_Modifications:
    - target: {fileID: -927199367670048503, guid: 9225beb689511144f8bc31c863ee89f9,
        type: 3}
      propertyPath: m_Name
      value: Idle
      objectReference: {fileID: 0}
    - target: {fileID: -6057140222963153312, guid: 9225beb689511144f8bc31c863ee89f9,
        type: 3}
      propertyPath: m_Controller
      value: 
      objectReference: {fileID: 9100000, guid: 2262eb1c0a8dc90499ad491ee03ee8b0, type: 2}
    - target: {fileID: -4216859302048453862, guid: 9225beb689511144f8bc31c863ee89f9,
        type: 3}
      propertyPath: m_LocalPosition.x
      value: 0.002
      objectReference: {fileID: 0}
    - target: {fileID: -4216859302048453862, guid: 9225beb689511144f8bc31c863ee89f9,
        type: 3}
      propertyPath: m_LocalPosition.y
      value: -1.417
      objectReference: {fileID: 0}
    - target: {fileID: -4216859302048453862, guid: 9225beb689511144f8bc31c863ee89f9,
        type: 3}
      propertyPath: m_LocalPosition.z
      value: 1.821
      objectReference: {fileID: 0}
    - target: {fileID: -4216859302048453862, guid: 9225beb689511144f8bc31c863ee89f9,
        type: 3}
      propertyPath: m_LocalRotation.x
      value: -0
      objectReference: {fileID: 0}
    - target: {fileID: -4216859302048453862, guid: 9225beb689511144f8bc31c863ee89f9,
        type: 3}
      propertyPath: m_LocalRotation.y
      value: 1
      objectReference: {fileID: 0}
    - target: {fileID: -4216859302048453862, guid: 9225beb689511144f8bc31c863ee89f9,
        type: 3}
      propertyPath: m_LocalRotation.z
      value: -0
      objectReference: {fileID: 0}
    - target: {fileID: -4216859302048453862, guid: 9225beb689511144f8bc31c863ee89f9,
        type: 3}
      propertyPath: m_LocalRotation.w
      value: 0
      objectReference: {fileID: 0}
    - target: {fileID: -4216859302048453862, guid: 9225beb689511144f8bc31c863ee89f9,
        type: 3}
      propertyPath: m_RootOrder
      value: 1
      objectReference: {fileID: 0}
    - target: {fileID: -4216859302048453862, guid: 9225beb689511144f8bc31c863ee89f9,
        type: 3}
      propertyPath: m_LocalEulerAnglesHint.x
      value: 0
      objectReference: {fileID: 0}
    - target: {fileID: -4216859302048453862, guid: 9225beb689511144f8bc31c863ee89f9,
        type: 3}
      propertyPath: m_LocalEulerAnglesHint.y
      value: 0
      objectReference: {fileID: 0}
    - target: {fileID: -4216859302048453862, guid: 9225beb689511144f8bc31c863ee89f9,
        type: 3}
      propertyPath: m_LocalEulerAnglesHint.z
      value: 0
      objectReference: {fileID: 0}
    - target: {fileID: -3187931662991661476, guid: 9225beb689511144f8bc31c863ee89f9,
        type: 3}
      propertyPath: m_Materials.Array.data[0]
      value: 
      objectReference: {fileID: 2100000, guid: be847d36ab0e2244588c08ca0cd304e1, type: 2}
    m_RemovedComponents: []
  m_SourcePrefab: {fileID: 100100000, guid: 9225beb689511144f8bc31c863ee89f9, type: 3}
--- !u!1 &822095680356517389 stripped
GameObject:
  m_CorrespondingSourceObject: {fileID: -927199367670048503, guid: 9225beb689511144f8bc31c863ee89f9,
    type: 3}
  m_PrefabInstance: {fileID: 8667536731270536964}
  m_PrefabAsset: {fileID: 0}
--- !u!4 &4410135033858126878 stripped
Transform:
  m_CorrespondingSourceObject: {fileID: -4216859302048453862, guid: 9225beb689511144f8bc31c863ee89f9,
    type: 3}
  m_PrefabInstance: {fileID: 8667536731270536964}
  m_PrefabAsset: {fileID: 0}
--- !u!1001 &8667536731393570144
PrefabInstance:
  m_ObjectHideFlags: 0
  serializedVersion: 2
  m_Modification:
    m_TransformParent: {fileID: 8667536731302350910}
    m_Modifications:
    - target: {fileID: -927199367670048503, guid: 1e96f53904b3f284082f4780134c5e92,
        type: 3}
      propertyPath: m_Name
      value: Dizzy Idle
      objectReference: {fileID: 0}
    - target: {fileID: -9147868553947026619, guid: 1e96f53904b3f284082f4780134c5e92,
        type: 3}
      propertyPath: m_LocalEulerAnglesHint.x
      value: 0.06893142
      objectReference: {fileID: 0}
    - target: {fileID: -9147868553947026619, guid: 1e96f53904b3f284082f4780134c5e92,
        type: 3}
      propertyPath: m_LocalEulerAnglesHint.y
      value: 0.97851187
      objectReference: {fileID: 0}
    - target: {fileID: -9147868553947026619, guid: 1e96f53904b3f284082f4780134c5e92,
        type: 3}
      propertyPath: m_LocalEulerAnglesHint.z
      value: -8.058924
      objectReference: {fileID: 0}
    - target: {fileID: -9064325173771588411, guid: 1e96f53904b3f284082f4780134c5e92,
        type: 3}
      propertyPath: m_LocalEulerAnglesHint.x
      value: 0.10491618
      objectReference: {fileID: 0}
    - target: {fileID: -9064325173771588411, guid: 1e96f53904b3f284082f4780134c5e92,
        type: 3}
      propertyPath: m_LocalEulerAnglesHint.y
      value: 1.2056541
      objectReference: {fileID: 0}
    - target: {fileID: -9064325173771588411, guid: 1e96f53904b3f284082f4780134c5e92,
        type: 3}
      propertyPath: m_LocalEulerAnglesHint.z
      value: -9.946579
      objectReference: {fileID: 0}
    - target: {fileID: -8847647782281173077, guid: 1e96f53904b3f284082f4780134c5e92,
        type: 3}
      propertyPath: m_LocalEulerAnglesHint.x
      value: 0.10491618
      objectReference: {fileID: 0}
    - target: {fileID: -8847647782281173077, guid: 1e96f53904b3f284082f4780134c5e92,
        type: 3}
      propertyPath: m_LocalEulerAnglesHint.y
      value: 1.2056541
      objectReference: {fileID: 0}
    - target: {fileID: -8847647782281173077, guid: 1e96f53904b3f284082f4780134c5e92,
        type: 3}
      propertyPath: m_LocalEulerAnglesHint.z
      value: -9.946579
      objectReference: {fileID: 0}
    - target: {fileID: -8757011230347164249, guid: 1e96f53904b3f284082f4780134c5e92,
        type: 3}
      propertyPath: m_LocalEulerAnglesHint.x
      value: 0.2743446
      objectReference: {fileID: 0}
    - target: {fileID: -8757011230347164249, guid: 1e96f53904b3f284082f4780134c5e92,
        type: 3}
      propertyPath: m_LocalEulerAnglesHint.y
      value: 1.9377049
      objectReference: {fileID: 0}
    - target: {fileID: -8757011230347164249, guid: 1e96f53904b3f284082f4780134c5e92,
        type: 3}
      propertyPath: m_LocalEulerAnglesHint.z
      value: -16.115585
      objectReference: {fileID: 0}
    - target: {fileID: -8520351005060889411, guid: 1e96f53904b3f284082f4780134c5e92,
        type: 3}
      propertyPath: m_LocalEulerAnglesHint.x
      value: 25.29191
      objectReference: {fileID: 0}
    - target: {fileID: -8520351005060889411, guid: 1e96f53904b3f284082f4780134c5e92,
        type: 3}
      propertyPath: m_LocalEulerAnglesHint.y
      value: 10.217177
      objectReference: {fileID: 0}
    - target: {fileID: -8520351005060889411, guid: 1e96f53904b3f284082f4780134c5e92,
        type: 3}
      propertyPath: m_LocalEulerAnglesHint.z
      value: 6.5582204
      objectReference: {fileID: 0}
    - target: {fileID: -8174010022519288266, guid: 1e96f53904b3f284082f4780134c5e92,
        type: 3}
      propertyPath: m_LocalEulerAnglesHint.x
      value: 12.120483
      objectReference: {fileID: 0}
    - target: {fileID: -8174010022519288266, guid: 1e96f53904b3f284082f4780134c5e92,
        type: 3}
      propertyPath: m_LocalEulerAnglesHint.y
      value: 15.836211
      objectReference: {fileID: 0}
    - target: {fileID: -8174010022519288266, guid: 1e96f53904b3f284082f4780134c5e92,
        type: 3}
      propertyPath: m_LocalEulerAnglesHint.z
      value: 0.023593845
      objectReference: {fileID: 0}
    - target: {fileID: -8041784574630284323, guid: 1e96f53904b3f284082f4780134c5e92,
        type: 3}
      propertyPath: m_LocalEulerAnglesHint.x
      value: -13.582519
      objectReference: {fileID: 0}
    - target: {fileID: -8041784574630284323, guid: 1e96f53904b3f284082f4780134c5e92,
        type: 3}
      propertyPath: m_LocalEulerAnglesHint.y
      value: -23.290485
      objectReference: {fileID: 0}
    - target: {fileID: -8041784574630284323, guid: 1e96f53904b3f284082f4780134c5e92,
        type: 3}
      propertyPath: m_LocalEulerAnglesHint.z
      value: -0.8178956
      objectReference: {fileID: 0}
    - target: {fileID: -7980375734921172826, guid: 1e96f53904b3f284082f4780134c5e92,
        type: 3}
      propertyPath: m_LocalEulerAnglesHint.x
      value: 0.4005006
      objectReference: {fileID: 0}
    - target: {fileID: -7980375734921172826, guid: 1e96f53904b3f284082f4780134c5e92,
        type: 3}
      propertyPath: m_LocalEulerAnglesHint.y
      value: -2.3186767
      objectReference: {fileID: 0}
    - target: {fileID: -7980375734921172826, guid: 1e96f53904b3f284082f4780134c5e92,
        type: 3}
      propertyPath: m_LocalEulerAnglesHint.z
      value: 19.596355
      objectReference: {fileID: 0}
    - target: {fileID: -7597426032139329959, guid: 1e96f53904b3f284082f4780134c5e92,
        type: 3}
      propertyPath: m_LocalEulerAnglesHint.x
      value: -0.00005367036
      objectReference: {fileID: 0}
    - target: {fileID: -7597426032139329959, guid: 1e96f53904b3f284082f4780134c5e92,
        type: 3}
      propertyPath: m_LocalEulerAnglesHint.y
      value: -0.000001631229
      objectReference: {fileID: 0}
    - target: {fileID: -7597426032139329959, guid: 1e96f53904b3f284082f4780134c5e92,
        type: 3}
      propertyPath: m_LocalEulerAnglesHint.z
      value: -0.0000043401346
      objectReference: {fileID: 0}
    - target: {fileID: -7592558355049508510, guid: 1e96f53904b3f284082f4780134c5e92,
        type: 3}
      propertyPath: m_LocalEulerAnglesHint.x
      value: -15.048649
      objectReference: {fileID: 0}
    - target: {fileID: -7592558355049508510, guid: 1e96f53904b3f284082f4780134c5e92,
        type: 3}
      propertyPath: m_LocalEulerAnglesHint.y
      value: -8.339977
      objectReference: {fileID: 0}
    - target: {fileID: -7592558355049508510, guid: 1e96f53904b3f284082f4780134c5e92,
        type: 3}
      propertyPath: m_LocalEulerAnglesHint.z
      value: 8.710134
      objectReference: {fileID: 0}
    - target: {fileID: -6057140222963153312, guid: 1e96f53904b3f284082f4780134c5e92,
        type: 3}
      propertyPath: m_Controller
      value: 
      objectReference: {fileID: 9100000, guid: 4428556a5ae0af841a545278d16f917f, type: 2}
    - target: {fileID: -5696235270323981043, guid: 1e96f53904b3f284082f4780134c5e92,
        type: 3}
      propertyPath: m_LocalEulerAnglesHint.x
      value: 0.02639518
      objectReference: {fileID: 0}
    - target: {fileID: -5696235270323981043, guid: 1e96f53904b3f284082f4780134c5e92,
        type: 3}
      propertyPath: m_LocalEulerAnglesHint.y
      value: -0.60358423
      objectReference: {fileID: 0}
    - target: {fileID: -5696235270323981043, guid: 1e96f53904b3f284082f4780134c5e92,
        type: 3}
      propertyPath: m_LocalEulerAnglesHint.z
      value: 5.009839
      objectReference: {fileID: 0}
    - target: {fileID: -5420008163957686366, guid: 1e96f53904b3f284082f4780134c5e92,
        type: 3}
      propertyPath: m_LocalEulerAnglesHint.x
      value: -27.059938
      objectReference: {fileID: 0}
    - target: {fileID: -5420008163957686366, guid: 1e96f53904b3f284082f4780134c5e92,
        type: 3}
      propertyPath: m_LocalEulerAnglesHint.y
      value: 7.1575766
      objectReference: {fileID: 0}
    - target: {fileID: -5420008163957686366, guid: 1e96f53904b3f284082f4780134c5e92,
        type: 3}
      propertyPath: m_LocalEulerAnglesHint.z
      value: -5.428162
      objectReference: {fileID: 0}
    - target: {fileID: -4749817584017886579, guid: 1e96f53904b3f284082f4780134c5e92,
        type: 3}
      propertyPath: m_LocalEulerAnglesHint.x
      value: 0.06893142
      objectReference: {fileID: 0}
    - target: {fileID: -4749817584017886579, guid: 1e96f53904b3f284082f4780134c5e92,
        type: 3}
      propertyPath: m_LocalEulerAnglesHint.y
      value: 0.97851187
      objectReference: {fileID: 0}
    - target: {fileID: -4749817584017886579, guid: 1e96f53904b3f284082f4780134c5e92,
        type: 3}
      propertyPath: m_LocalEulerAnglesHint.z
      value: -8.058924
      objectReference: {fileID: 0}
    - target: {fileID: -4431429744085825124, guid: 1e96f53904b3f284082f4780134c5e92,
        type: 3}
      propertyPath: m_LocalEulerAnglesHint.x
      value: -0.46236944
      objectReference: {fileID: 0}
    - target: {fileID: -4431429744085825124, guid: 1e96f53904b3f284082f4780134c5e92,
        type: 3}
      propertyPath: m_LocalEulerAnglesHint.y
      value: 10.007852
      objectReference: {fileID: 0}
    - target: {fileID: -4431429744085825124, guid: 1e96f53904b3f284082f4780134c5e92,
        type: 3}
      propertyPath: m_LocalEulerAnglesHint.z
      value: -2.1090157
      objectReference: {fileID: 0}
    - target: {fileID: -4216859302048453862, guid: 1e96f53904b3f284082f4780134c5e92,
        type: 3}
      propertyPath: m_LocalPosition.x
      value: 0.729
      objectReference: {fileID: 0}
    - target: {fileID: -4216859302048453862, guid: 1e96f53904b3f284082f4780134c5e92,
        type: 3}
      propertyPath: m_LocalPosition.y
      value: -1.422
      objectReference: {fileID: 0}
    - target: {fileID: -4216859302048453862, guid: 1e96f53904b3f284082f4780134c5e92,
        type: 3}
      propertyPath: m_LocalPosition.z
      value: 1.772
      objectReference: {fileID: 0}
    - target: {fileID: -4216859302048453862, guid: 1e96f53904b3f284082f4780134c5e92,
        type: 3}
      propertyPath: m_LocalRotation.x
      value: 0
      objectReference: {fileID: 0}
    - target: {fileID: -4216859302048453862, guid: 1e96f53904b3f284082f4780134c5e92,
        type: 3}
      propertyPath: m_LocalRotation.y
      value: 1
      objectReference: {fileID: 0}
    - target: {fileID: -4216859302048453862, guid: 1e96f53904b3f284082f4780134c5e92,
        type: 3}
      propertyPath: m_LocalRotation.z
      value: 0
      objectReference: {fileID: 0}
    - target: {fileID: -4216859302048453862, guid: 1e96f53904b3f284082f4780134c5e92,
        type: 3}
      propertyPath: m_LocalRotation.w
      value: 0
      objectReference: {fileID: 0}
    - target: {fileID: -4216859302048453862, guid: 1e96f53904b3f284082f4780134c5e92,
        type: 3}
      propertyPath: m_RootOrder
      value: 0
      objectReference: {fileID: 0}
    - target: {fileID: -4216859302048453862, guid: 1e96f53904b3f284082f4780134c5e92,
        type: 3}
      propertyPath: m_LocalEulerAnglesHint.x
      value: 0
      objectReference: {fileID: 0}
    - target: {fileID: -4216859302048453862, guid: 1e96f53904b3f284082f4780134c5e92,
        type: 3}
      propertyPath: m_LocalEulerAnglesHint.y
      value: 180
      objectReference: {fileID: 0}
    - target: {fileID: -4216859302048453862, guid: 1e96f53904b3f284082f4780134c5e92,
        type: 3}
      propertyPath: m_LocalEulerAnglesHint.z
      value: 0
      objectReference: {fileID: 0}
    - target: {fileID: -4212916686629878199, guid: 1e96f53904b3f284082f4780134c5e92,
        type: 3}
      propertyPath: m_LocalEulerAnglesHint.x
      value: 0.026401997
      objectReference: {fileID: 0}
    - target: {fileID: -4212916686629878199, guid: 1e96f53904b3f284082f4780134c5e92,
        type: 3}
      propertyPath: m_LocalEulerAnglesHint.y
      value: -0.6035757
      objectReference: {fileID: 0}
    - target: {fileID: -4212916686629878199, guid: 1e96f53904b3f284082f4780134c5e92,
        type: 3}
      propertyPath: m_LocalEulerAnglesHint.z
      value: 5.0098495
      objectReference: {fileID: 0}
    - target: {fileID: -3818628978618513673, guid: 1e96f53904b3f284082f4780134c5e92,
        type: 3}
      propertyPath: m_LocalEulerAnglesHint.x
      value: 2.5072172
      objectReference: {fileID: 0}
    - target: {fileID: -3818628978618513673, guid: 1e96f53904b3f284082f4780134c5e92,
        type: 3}
      propertyPath: m_LocalEulerAnglesHint.y
      value: 3.4478986
      objectReference: {fileID: 0}
    - target: {fileID: -3818628978618513673, guid: 1e96f53904b3f284082f4780134c5e92,
        type: 3}
      propertyPath: m_LocalEulerAnglesHint.z
      value: 1.1270887
      objectReference: {fileID: 0}
    - target: {fileID: -3220319501169496967, guid: 1e96f53904b3f284082f4780134c5e92,
        type: 3}
      propertyPath: m_LocalEulerAnglesHint.x
      value: -11.431805
      objectReference: {fileID: 0}
    - target: {fileID: -3220319501169496967, guid: 1e96f53904b3f284082f4780134c5e92,
        type: 3}
      propertyPath: m_LocalEulerAnglesHint.y
      value: 8.981846
      objectReference: {fileID: 0}
    - target: {fileID: -3220319501169496967, guid: 1e96f53904b3f284082f4780134c5e92,
        type: 3}
      propertyPath: m_LocalEulerAnglesHint.z
      value: -5.00328
      objectReference: {fileID: 0}
    - target: {fileID: -3187931662991661476, guid: 1e96f53904b3f284082f4780134c5e92,
        type: 3}
      propertyPath: m_Materials.Array.data[0]
      value: 
      objectReference: {fileID: 2100000, guid: 42b3b3e2720336a40b469bf5cb7a4964, type: 2}
    - target: {fileID: -3167575404677891443, guid: 1e96f53904b3f284082f4780134c5e92,
        type: 3}
      propertyPath: m_LocalEulerAnglesHint.x
      value: -8.7206545
      objectReference: {fileID: 0}
    - target: {fileID: -3167575404677891443, guid: 1e96f53904b3f284082f4780134c5e92,
        type: 3}
      propertyPath: m_LocalEulerAnglesHint.y
      value: -0.88086987
      objectReference: {fileID: 0}
    - target: {fileID: -3167575404677891443, guid: 1e96f53904b3f284082f4780134c5e92,
        type: 3}
      propertyPath: m_LocalEulerAnglesHint.z
      value: -4.9879246
      objectReference: {fileID: 0}
    - target: {fileID: -2729217777491114371, guid: 1e96f53904b3f284082f4780134c5e92,
        type: 3}
      propertyPath: m_LocalEulerAnglesHint.x
      value: 8.943908
      objectReference: {fileID: 0}
    - target: {fileID: -2729217777491114371, guid: 1e96f53904b3f284082f4780134c5e92,
        type: 3}
      propertyPath: m_LocalEulerAnglesHint.y
      value: -39.878452
      objectReference: {fileID: 0}
    - target: {fileID: -2729217777491114371, guid: 1e96f53904b3f284082f4780134c5e92,
        type: 3}
      propertyPath: m_LocalEulerAnglesHint.z
      value: -66.40033
      objectReference: {fileID: 0}
    - target: {fileID: -1232451692195220358, guid: 1e96f53904b3f284082f4780134c5e92,
        type: 3}
      propertyPath: m_LocalEulerAnglesHint.x
      value: 0.0000042996967
      objectReference: {fileID: 0}
    - target: {fileID: -1232451692195220358, guid: 1e96f53904b3f284082f4780134c5e92,
        type: 3}
      propertyPath: m_LocalEulerAnglesHint.y
      value: 23.495977
      objectReference: {fileID: 0}
    - target: {fileID: -1232451692195220358, guid: 1e96f53904b3f284082f4780134c5e92,
        type: 3}
      propertyPath: m_LocalEulerAnglesHint.z
      value: -0.000039262133
      objectReference: {fileID: 0}
    - target: {fileID: -790435773315590083, guid: 1e96f53904b3f284082f4780134c5e92,
        type: 3}
      propertyPath: m_LocalEulerAnglesHint.x
      value: 0.105761714
      objectReference: {fileID: 0}
    - target: {fileID: -790435773315590083, guid: 1e96f53904b3f284082f4780134c5e92,
        type: 3}
      propertyPath: m_LocalEulerAnglesHint.y
      value: -1.2044235
      objectReference: {fileID: 0}
    - target: {fileID: -790435773315590083, guid: 1e96f53904b3f284082f4780134c5e92,
        type: 3}
      propertyPath: m_LocalEulerAnglesHint.z
      value: 10.035112
      objectReference: {fileID: 0}
    - target: {fileID: -681215969731513272, guid: 1e96f53904b3f284082f4780134c5e92,
        type: 3}
      propertyPath: m_LocalEulerAnglesHint.x
      value: 0.1524292
      objectReference: {fileID: 0}
    - target: {fileID: -681215969731513272, guid: 1e96f53904b3f284082f4780134c5e92,
        type: 3}
      propertyPath: m_LocalEulerAnglesHint.y
      value: -0.0029005706
      objectReference: {fileID: 0}
    - target: {fileID: -681215969731513272, guid: 1e96f53904b3f284082f4780134c5e92,
        type: 3}
      propertyPath: m_LocalEulerAnglesHint.z
      value: 1.1784209
      objectReference: {fileID: 0}
    - target: {fileID: -463995517713469628, guid: 1e96f53904b3f284082f4780134c5e92,
        type: 3}
      propertyPath: m_LocalEulerAnglesHint.x
      value: 0.10491618
      objectReference: {fileID: 0}
    - target: {fileID: -463995517713469628, guid: 1e96f53904b3f284082f4780134c5e92,
        type: 3}
      propertyPath: m_LocalEulerAnglesHint.y
      value: 1.2056541
      objectReference: {fileID: 0}
    - target: {fileID: -463995517713469628, guid: 1e96f53904b3f284082f4780134c5e92,
        type: 3}
      propertyPath: m_LocalEulerAnglesHint.z
      value: -9.946579
      objectReference: {fileID: 0}
    - target: {fileID: 439242457747655436, guid: 1e96f53904b3f284082f4780134c5e92,
        type: 3}
      propertyPath: m_LocalEulerAnglesHint.x
      value: 0.2743446
      objectReference: {fileID: 0}
    - target: {fileID: 439242457747655436, guid: 1e96f53904b3f284082f4780134c5e92,
        type: 3}
      propertyPath: m_LocalEulerAnglesHint.y
      value: 1.9377049
      objectReference: {fileID: 0}
    - target: {fileID: 439242457747655436, guid: 1e96f53904b3f284082f4780134c5e92,
        type: 3}
      propertyPath: m_LocalEulerAnglesHint.z
      value: -16.115585
      objectReference: {fileID: 0}
    - target: {fileID: 1325131568597127023, guid: 1e96f53904b3f284082f4780134c5e92,
        type: 3}
      propertyPath: m_LocalEulerAnglesHint.x
      value: 0.39983708
      objectReference: {fileID: 0}
    - target: {fileID: 1325131568597127023, guid: 1e96f53904b3f284082f4780134c5e92,
        type: 3}
      propertyPath: m_LocalEulerAnglesHint.y
      value: -2.3168597
      objectReference: {fileID: 0}
    - target: {fileID: 1325131568597127023, guid: 1e96f53904b3f284082f4780134c5e92,
        type: 3}
      propertyPath: m_LocalEulerAnglesHint.z
      value: 19.580399
      objectReference: {fileID: 0}
    - target: {fileID: 1401826838451548927, guid: 1e96f53904b3f284082f4780134c5e92,
        type: 3}
      propertyPath: m_LocalEulerAnglesHint.x
      value: 0.49334443
      objectReference: {fileID: 0}
    - target: {fileID: 1401826838451548927, guid: 1e96f53904b3f284082f4780134c5e92,
        type: 3}
      propertyPath: m_LocalEulerAnglesHint.y
      value: -2.463179
      objectReference: {fileID: 0}
    - target: {fileID: 1401826838451548927, guid: 1e96f53904b3f284082f4780134c5e92,
        type: 3}
      propertyPath: m_LocalEulerAnglesHint.z
      value: 6.9465146
      objectReference: {fileID: 0}
    - target: {fileID: 1912126175820078846, guid: 1e96f53904b3f284082f4780134c5e92,
        type: 3}
      propertyPath: m_LocalEulerAnglesHint.x
      value: 0.10541052
      objectReference: {fileID: 0}
    - target: {fileID: 1912126175820078846, guid: 1e96f53904b3f284082f4780134c5e92,
        type: 3}
      propertyPath: m_LocalEulerAnglesHint.y
      value: -1.2025279
      objectReference: {fileID: 0}
    - target: {fileID: 1912126175820078846, guid: 1e96f53904b3f284082f4780134c5e92,
        type: 3}
      propertyPath: m_LocalEulerAnglesHint.z
      value: 10.019146
      objectReference: {fileID: 0}
    - target: {fileID: 2246940569206803994, guid: 1e96f53904b3f284082f4780134c5e92,
        type: 3}
      propertyPath: m_LocalEulerAnglesHint.x
      value: 4.0563936
      objectReference: {fileID: 0}
    - target: {fileID: 2246940569206803994, guid: 1e96f53904b3f284082f4780134c5e92,
        type: 3}
      propertyPath: m_LocalEulerAnglesHint.y
      value: -10.622707
      objectReference: {fileID: 0}
    - target: {fileID: 2246940569206803994, guid: 1e96f53904b3f284082f4780134c5e92,
        type: 3}
      propertyPath: m_LocalEulerAnglesHint.z
      value: -9.897837
      objectReference: {fileID: 0}
    - target: {fileID: 2742993185680709401, guid: 1e96f53904b3f284082f4780134c5e92,
        type: 3}
      propertyPath: m_LocalEulerAnglesHint.x
      value: 7.176353
      objectReference: {fileID: 0}
    - target: {fileID: 2742993185680709401, guid: 1e96f53904b3f284082f4780134c5e92,
        type: 3}
      propertyPath: m_LocalEulerAnglesHint.y
      value: -15.50697
      objectReference: {fileID: 0}
    - target: {fileID: 2742993185680709401, guid: 1e96f53904b3f284082f4780134c5e92,
        type: 3}
      propertyPath: m_LocalEulerAnglesHint.z
      value: -0.7892845
      objectReference: {fileID: 0}
    - target: {fileID: 2946212468447715126, guid: 1e96f53904b3f284082f4780134c5e92,
        type: 3}
      propertyPath: m_LocalEulerAnglesHint.x
      value: 0.10491618
      objectReference: {fileID: 0}
    - target: {fileID: 2946212468447715126, guid: 1e96f53904b3f284082f4780134c5e92,
        type: 3}
      propertyPath: m_LocalEulerAnglesHint.y
      value: 1.2056541
      objectReference: {fileID: 0}
    - target: {fileID: 2946212468447715126, guid: 1e96f53904b3f284082f4780134c5e92,
        type: 3}
      propertyPath: m_LocalEulerAnglesHint.z
      value: -9.946579
      objectReference: {fileID: 0}
    - target: {fileID: 2963660786538088476, guid: 1e96f53904b3f284082f4780134c5e92,
        type: 3}
      propertyPath: m_LocalEulerAnglesHint.x
      value: -17.825169
      objectReference: {fileID: 0}
    - target: {fileID: 2963660786538088476, guid: 1e96f53904b3f284082f4780134c5e92,
        type: 3}
      propertyPath: m_LocalEulerAnglesHint.y
      value: 10.891565
      objectReference: {fileID: 0}
    - target: {fileID: 2963660786538088476, guid: 1e96f53904b3f284082f4780134c5e92,
        type: 3}
      propertyPath: m_LocalEulerAnglesHint.z
      value: -14.593694
      objectReference: {fileID: 0}
    - target: {fileID: 2989701457832414701, guid: 1e96f53904b3f284082f4780134c5e92,
        type: 3}
      propertyPath: m_LocalEulerAnglesHint.x
      value: -15.850888
      objectReference: {fileID: 0}
    - target: {fileID: 2989701457832414701, guid: 1e96f53904b3f284082f4780134c5e92,
        type: 3}
      propertyPath: m_LocalEulerAnglesHint.y
      value: -11.711683
      objectReference: {fileID: 0}
    - target: {fileID: 2989701457832414701, guid: 1e96f53904b3f284082f4780134c5e92,
        type: 3}
      propertyPath: m_LocalEulerAnglesHint.z
      value: 1.0805914
      objectReference: {fileID: 0}
    - target: {fileID: 3373197664844238778, guid: 1e96f53904b3f284082f4780134c5e92,
        type: 3}
      propertyPath: m_LocalEulerAnglesHint.x
      value: 4.103997
      objectReference: {fileID: 0}
    - target: {fileID: 3373197664844238778, guid: 1e96f53904b3f284082f4780134c5e92,
        type: 3}
      propertyPath: m_LocalEulerAnglesHint.y
      value: 19.075972
      objectReference: {fileID: 0}
    - target: {fileID: 3373197664844238778, guid: 1e96f53904b3f284082f4780134c5e92,
        type: 3}
      propertyPath: m_LocalEulerAnglesHint.z
      value: 17.854317
      objectReference: {fileID: 0}
    - target: {fileID: 3506150401543615792, guid: 1e96f53904b3f284082f4780134c5e92,
        type: 3}
      propertyPath: m_LocalEulerAnglesHint.x
      value: 0.2743446
      objectReference: {fileID: 0}
    - target: {fileID: 3506150401543615792, guid: 1e96f53904b3f284082f4780134c5e92,
        type: 3}
      propertyPath: m_LocalEulerAnglesHint.y
      value: 1.9377049
      objectReference: {fileID: 0}
    - target: {fileID: 3506150401543615792, guid: 1e96f53904b3f284082f4780134c5e92,
        type: 3}
      propertyPath: m_LocalEulerAnglesHint.z
      value: -16.115585
      objectReference: {fileID: 0}
    - target: {fileID: 4557921530803443061, guid: 1e96f53904b3f284082f4780134c5e92,
        type: 3}
      propertyPath: m_LocalEulerAnglesHint.x
      value: -13.80734
      objectReference: {fileID: 0}
    - target: {fileID: 4557921530803443061, guid: 1e96f53904b3f284082f4780134c5e92,
        type: 3}
      propertyPath: m_LocalEulerAnglesHint.y
      value: -11.996446
      objectReference: {fileID: 0}
    - target: {fileID: 4557921530803443061, guid: 1e96f53904b3f284082f4780134c5e92,
        type: 3}
      propertyPath: m_LocalEulerAnglesHint.z
      value: 2.028828
      objectReference: {fileID: 0}
    - target: {fileID: 4801354620474064539, guid: 1e96f53904b3f284082f4780134c5e92,
        type: 3}
      propertyPath: m_LocalEulerAnglesHint.x
      value: 0.06893142
      objectReference: {fileID: 0}
    - target: {fileID: 4801354620474064539, guid: 1e96f53904b3f284082f4780134c5e92,
        type: 3}
      propertyPath: m_LocalEulerAnglesHint.y
      value: 0.97851187
      objectReference: {fileID: 0}
    - target: {fileID: 4801354620474064539, guid: 1e96f53904b3f284082f4780134c5e92,
        type: 3}
      propertyPath: m_LocalEulerAnglesHint.z
      value: -8.058924
      objectReference: {fileID: 0}
    - target: {fileID: 4803256113787784250, guid: 1e96f53904b3f284082f4780134c5e92,
        type: 3}
      propertyPath: m_LocalEulerAnglesHint.x
      value: 1.2878883
      objectReference: {fileID: 0}
    - target: {fileID: 4803256113787784250, guid: 1e96f53904b3f284082f4780134c5e92,
        type: 3}
      propertyPath: m_LocalEulerAnglesHint.y
      value: 0.105736464
      objectReference: {fileID: 0}
    - target: {fileID: 4803256113787784250, guid: 1e96f53904b3f284082f4780134c5e92,
        type: 3}
      propertyPath: m_LocalEulerAnglesHint.z
      value: 1.7938789
      objectReference: {fileID: 0}
    - target: {fileID: 5257096426849753267, guid: 1e96f53904b3f284082f4780134c5e92,
        type: 3}
      propertyPath: m_LocalEulerAnglesHint.x
      value: 0.098067686
      objectReference: {fileID: 0}
    - target: {fileID: 5257096426849753267, guid: 1e96f53904b3f284082f4780134c5e92,
        type: 3}
      propertyPath: m_LocalEulerAnglesHint.y
      value: 2.8527455
      objectReference: {fileID: 0}
    - target: {fileID: 5257096426849753267, guid: 1e96f53904b3f284082f4780134c5e92,
        type: 3}
      propertyPath: m_LocalEulerAnglesHint.z
      value: 10.529002
      objectReference: {fileID: 0}
    - target: {fileID: 5390720452750780833, guid: 1e96f53904b3f284082f4780134c5e92,
        type: 3}
      propertyPath: m_LocalEulerAnglesHint.x
      value: 0.026392387
      objectReference: {fileID: 0}
    - target: {fileID: 5390720452750780833, guid: 1e96f53904b3f284082f4780134c5e92,
        type: 3}
      propertyPath: m_LocalEulerAnglesHint.y
      value: -0.6035807
      objectReference: {fileID: 0}
    - target: {fileID: 5390720452750780833, guid: 1e96f53904b3f284082f4780134c5e92,
        type: 3}
      propertyPath: m_LocalEulerAnglesHint.z
      value: 5.009846
      objectReference: {fileID: 0}
    - target: {fileID: 5498713899470750145, guid: 1e96f53904b3f284082f4780134c5e92,
        type: 3}
      propertyPath: m_LocalEulerAnglesHint.x
      value: 0.2743446
      objectReference: {fileID: 0}
    - target: {fileID: 5498713899470750145, guid: 1e96f53904b3f284082f4780134c5e92,
        type: 3}
      propertyPath: m_LocalEulerAnglesHint.y
      value: 1.9377049
      objectReference: {fileID: 0}
    - target: {fileID: 5498713899470750145, guid: 1e96f53904b3f284082f4780134c5e92,
        type: 3}
      propertyPath: m_LocalEulerAnglesHint.z
      value: -16.115585
      objectReference: {fileID: 0}
    - target: {fileID: 6204169937033342801, guid: 1e96f53904b3f284082f4780134c5e92,
        type: 3}
      propertyPath: m_LocalEulerAnglesHint.x
      value: 0.4005006
      objectReference: {fileID: 0}
    - target: {fileID: 6204169937033342801, guid: 1e96f53904b3f284082f4780134c5e92,
        type: 3}
      propertyPath: m_LocalEulerAnglesHint.y
      value: -2.3186767
      objectReference: {fileID: 0}
    - target: {fileID: 6204169937033342801, guid: 1e96f53904b3f284082f4780134c5e92,
        type: 3}
      propertyPath: m_LocalEulerAnglesHint.z
      value: 19.596355
      objectReference: {fileID: 0}
    - target: {fileID: 6473791464006618733, guid: 1e96f53904b3f284082f4780134c5e92,
        type: 3}
      propertyPath: m_LocalEulerAnglesHint.x
      value: 0.15040877
      objectReference: {fileID: 0}
    - target: {fileID: 6473791464006618733, guid: 1e96f53904b3f284082f4780134c5e92,
        type: 3}
      propertyPath: m_LocalEulerAnglesHint.y
      value: 0.0509085
      objectReference: {fileID: 0}
    - target: {fileID: 6473791464006618733, guid: 1e96f53904b3f284082f4780134c5e92,
        type: 3}
      propertyPath: m_LocalEulerAnglesHint.z
      value: 1.1755699
      objectReference: {fileID: 0}
    - target: {fileID: 6475341992876109301, guid: 1e96f53904b3f284082f4780134c5e92,
        type: 3}
      propertyPath: m_LocalEulerAnglesHint.x
      value: 30.221752
      objectReference: {fileID: 0}
    - target: {fileID: 6475341992876109301, guid: 1e96f53904b3f284082f4780134c5e92,
        type: 3}
      propertyPath: m_LocalEulerAnglesHint.y
      value: -11.14921
      objectReference: {fileID: 0}
    - target: {fileID: 6475341992876109301, guid: 1e96f53904b3f284082f4780134c5e92,
        type: 3}
      propertyPath: m_LocalEulerAnglesHint.z
      value: -9.73449
      objectReference: {fileID: 0}
    - target: {fileID: 6575649642189861649, guid: 1e96f53904b3f284082f4780134c5e92,
        type: 3}
      propertyPath: m_LocalEulerAnglesHint.x
      value: 0.026401997
      objectReference: {fileID: 0}
    - target: {fileID: 6575649642189861649, guid: 1e96f53904b3f284082f4780134c5e92,
        type: 3}
      propertyPath: m_LocalEulerAnglesHint.y
      value: -0.6035757
      objectReference: {fileID: 0}
    - target: {fileID: 6575649642189861649, guid: 1e96f53904b3f284082f4780134c5e92,
        type: 3}
      propertyPath: m_LocalEulerAnglesHint.z
      value: 5.0098495
      objectReference: {fileID: 0}
    - target: {fileID: 6756193879342922478, guid: 1e96f53904b3f284082f4780134c5e92,
        type: 3}
      propertyPath: m_LocalEulerAnglesHint.x
      value: 1.7413641
      objectReference: {fileID: 0}
    - target: {fileID: 6756193879342922478, guid: 1e96f53904b3f284082f4780134c5e92,
        type: 3}
      propertyPath: m_LocalEulerAnglesHint.y
      value: -6.1456037
      objectReference: {fileID: 0}
    - target: {fileID: 6756193879342922478, guid: 1e96f53904b3f284082f4780134c5e92,
        type: 3}
      propertyPath: m_LocalEulerAnglesHint.z
      value: 19.014591
      objectReference: {fileID: 0}
    - target: {fileID: 7402050280959761381, guid: 1e96f53904b3f284082f4780134c5e92,
        type: 3}
      propertyPath: m_LocalEulerAnglesHint.x
      value: -0.000015262269
      objectReference: {fileID: 0}
    - target: {fileID: 7402050280959761381, guid: 1e96f53904b3f284082f4780134c5e92,
        type: 3}
      propertyPath: m_LocalEulerAnglesHint.y
      value: -24.462753
      objectReference: {fileID: 0}
    - target: {fileID: 7402050280959761381, guid: 1e96f53904b3f284082f4780134c5e92,
        type: 3}
      propertyPath: m_LocalEulerAnglesHint.z
      value: -0.0000122404535
      objectReference: {fileID: 0}
    - target: {fileID: 7564604342859738627, guid: 1e96f53904b3f284082f4780134c5e92,
        type: 3}
      propertyPath: m_LocalEulerAnglesHint.x
      value: 0.06893142
      objectReference: {fileID: 0}
    - target: {fileID: 7564604342859738627, guid: 1e96f53904b3f284082f4780134c5e92,
        type: 3}
      propertyPath: m_LocalEulerAnglesHint.y
      value: 0.97851187
      objectReference: {fileID: 0}
    - target: {fileID: 7564604342859738627, guid: 1e96f53904b3f284082f4780134c5e92,
        type: 3}
      propertyPath: m_LocalEulerAnglesHint.z
      value: -8.058924
      objectReference: {fileID: 0}
    - target: {fileID: 7647679495653059910, guid: 1e96f53904b3f284082f4780134c5e92,
        type: 3}
      propertyPath: m_LocalEulerAnglesHint.x
      value: 1.1274357
      objectReference: {fileID: 0}
    - target: {fileID: 7647679495653059910, guid: 1e96f53904b3f284082f4780134c5e92,
        type: 3}
      propertyPath: m_LocalEulerAnglesHint.y
      value: -5.3133473
      objectReference: {fileID: 0}
    - target: {fileID: 7647679495653059910, guid: 1e96f53904b3f284082f4780134c5e92,
        type: 3}
      propertyPath: m_LocalEulerAnglesHint.z
      value: -1.9677169
      objectReference: {fileID: 0}
    - target: {fileID: 7814502684447367421, guid: 1e96f53904b3f284082f4780134c5e92,
        type: 3}
      propertyPath: m_LocalEulerAnglesHint.x
      value: -4.580251
      objectReference: {fileID: 0}
    - target: {fileID: 7814502684447367421, guid: 1e96f53904b3f284082f4780134c5e92,
        type: 3}
      propertyPath: m_LocalEulerAnglesHint.y
      value: 13.538267
      objectReference: {fileID: 0}
    - target: {fileID: 7814502684447367421, guid: 1e96f53904b3f284082f4780134c5e92,
        type: 3}
      propertyPath: m_LocalEulerAnglesHint.z
      value: 8.008848
      objectReference: {fileID: 0}
    - target: {fileID: 7890213252975753055, guid: 1e96f53904b3f284082f4780134c5e92,
        type: 3}
      propertyPath: m_LocalEulerAnglesHint.x
      value: 0.10541052
      objectReference: {fileID: 0}
    - target: {fileID: 7890213252975753055, guid: 1e96f53904b3f284082f4780134c5e92,
        type: 3}
      propertyPath: m_LocalEulerAnglesHint.y
      value: -1.2025279
      objectReference: {fileID: 0}
    - target: {fileID: 7890213252975753055, guid: 1e96f53904b3f284082f4780134c5e92,
        type: 3}
      propertyPath: m_LocalEulerAnglesHint.z
      value: 10.019146
      objectReference: {fileID: 0}
    - target: {fileID: 8529429290064647585, guid: 1e96f53904b3f284082f4780134c5e92,
        type: 3}
      propertyPath: m_LocalEulerAnglesHint.x
      value: 24.547632
      objectReference: {fileID: 0}
    - target: {fileID: 8529429290064647585, guid: 1e96f53904b3f284082f4780134c5e92,
        type: 3}
      propertyPath: m_LocalEulerAnglesHint.y
      value: 72.5609
      objectReference: {fileID: 0}
    - target: {fileID: 8529429290064647585, guid: 1e96f53904b3f284082f4780134c5e92,
        type: 3}
      propertyPath: m_LocalEulerAnglesHint.z
      value: 67.18988
      objectReference: {fileID: 0}
    - target: {fileID: 8989236291459428789, guid: 1e96f53904b3f284082f4780134c5e92,
        type: 3}
      propertyPath: m_LocalEulerAnglesHint.x
      value: -0.000026209476
      objectReference: {fileID: 0}
    - target: {fileID: 8989236291459428789, guid: 1e96f53904b3f284082f4780134c5e92,
        type: 3}
      propertyPath: m_LocalEulerAnglesHint.y
      value: -0.000009650455
      objectReference: {fileID: 0}
    - target: {fileID: 8989236291459428789, guid: 1e96f53904b3f284082f4780134c5e92,
        type: 3}
      propertyPath: m_LocalEulerAnglesHint.z
      value: 0.000004657339
      objectReference: {fileID: 0}
    m_RemovedComponents: []
  m_SourcePrefab: {fileID: 100100000, guid: 1e96f53904b3f284082f4780134c5e92, type: 3}
--- !u!1 &822095680747236457 stripped
GameObject:
  m_CorrespondingSourceObject: {fileID: -927199367670048503, guid: 1e96f53904b3f284082f4780134c5e92,
    type: 3}
  m_PrefabInstance: {fileID: 8667536731393570144}
  m_PrefabAsset: {fileID: 0}
--- !u!4 &4410135034011623034 stripped
Transform:
  m_CorrespondingSourceObject: {fileID: -4216859302048453862, guid: 1e96f53904b3f284082f4780134c5e92,
    type: 3}
  m_PrefabInstance: {fileID: 8667536731393570144}
  m_PrefabAsset: {fileID: 0}
--- !u!1001 &8667536732398369685
PrefabInstance:
  m_ObjectHideFlags: 0
  serializedVersion: 2
  m_Modification:
    m_TransformParent: {fileID: 8667536731302350910}
    m_Modifications:
    - target: {fileID: -927199367670048503, guid: cda329be21fde8f4c8807c3220ec649d,
        type: 3}
      propertyPath: m_Name
      value: Dwarf Idle
      objectReference: {fileID: 0}
    - target: {fileID: -6057140222963153312, guid: cda329be21fde8f4c8807c3220ec649d,
        type: 3}
      propertyPath: m_Controller
      value: 
      objectReference: {fileID: 9100000, guid: c878f9c7468927d4598dd29f8335cde2, type: 2}
    - target: {fileID: -4216859302048453862, guid: cda329be21fde8f4c8807c3220ec649d,
        type: 3}
      propertyPath: m_LocalPosition.x
      value: -0.75
      objectReference: {fileID: 0}
    - target: {fileID: -4216859302048453862, guid: cda329be21fde8f4c8807c3220ec649d,
        type: 3}
      propertyPath: m_LocalPosition.y
      value: -1.46
      objectReference: {fileID: 0}
    - target: {fileID: -4216859302048453862, guid: cda329be21fde8f4c8807c3220ec649d,
        type: 3}
      propertyPath: m_LocalPosition.z
      value: 1.832
      objectReference: {fileID: 0}
    - target: {fileID: -4216859302048453862, guid: cda329be21fde8f4c8807c3220ec649d,
        type: 3}
      propertyPath: m_LocalRotation.x
      value: 0
      objectReference: {fileID: 0}
    - target: {fileID: -4216859302048453862, guid: cda329be21fde8f4c8807c3220ec649d,
        type: 3}
      propertyPath: m_LocalRotation.y
      value: 1
      objectReference: {fileID: 0}
    - target: {fileID: -4216859302048453862, guid: cda329be21fde8f4c8807c3220ec649d,
        type: 3}
      propertyPath: m_LocalRotation.z
      value: 0
      objectReference: {fileID: 0}
    - target: {fileID: -4216859302048453862, guid: cda329be21fde8f4c8807c3220ec649d,
        type: 3}
      propertyPath: m_LocalRotation.w
      value: 0
      objectReference: {fileID: 0}
    - target: {fileID: -4216859302048453862, guid: cda329be21fde8f4c8807c3220ec649d,
        type: 3}
      propertyPath: m_RootOrder
      value: 2
      objectReference: {fileID: 0}
    - target: {fileID: -4216859302048453862, guid: cda329be21fde8f4c8807c3220ec649d,
        type: 3}
      propertyPath: m_LocalEulerAnglesHint.x
      value: 0
      objectReference: {fileID: 0}
    - target: {fileID: -4216859302048453862, guid: cda329be21fde8f4c8807c3220ec649d,
        type: 3}
      propertyPath: m_LocalEulerAnglesHint.y
      value: 180
      objectReference: {fileID: 0}
    - target: {fileID: -4216859302048453862, guid: cda329be21fde8f4c8807c3220ec649d,
        type: 3}
      propertyPath: m_LocalEulerAnglesHint.z
      value: 0
      objectReference: {fileID: 0}
    - target: {fileID: -3187931662991661476, guid: cda329be21fde8f4c8807c3220ec649d,
        type: 3}
      propertyPath: m_Materials.Array.data[0]
      value: 
      objectReference: {fileID: 2100000, guid: 9461b2fa5daad7c4d8cee6d299247805, type: 2}
    m_RemovedComponents: []
  m_SourcePrefab: {fileID: 100100000, guid: cda329be21fde8f4c8807c3220ec649d, type: 3}
--- !u!1 &822095679203467932 stripped
GameObject:
  m_CorrespondingSourceObject: {fileID: -927199367670048503, guid: cda329be21fde8f4c8807c3220ec649d,
    type: 3}
  m_PrefabInstance: {fileID: 8667536732398369685}
  m_PrefabAsset: {fileID: 0}
--- !u!4 &4410135035019563151 stripped
Transform:
  m_CorrespondingSourceObject: {fileID: -4216859302048453862, guid: cda329be21fde8f4c8807c3220ec649d,
    type: 3}
  m_PrefabInstance: {fileID: 8667536732398369685}
  m_PrefabAsset: {fileID: 0}
